 Dungeon Crawl Stone Soup version 0.30.0-19-g36f170ea60 (webtiles) character file.

Game seed: 16309721666667565366

25 cheesebisquit the Shield-Bearer (level 2, -3/29 HPs)
             Began as a Troll Fighter on June 1, 2023.
             Slain by a gnoll
             ... wielding a +0 halberd
              (12 damage)
             ... on level 2 of the Dungeon.
             The game lasted 00:03:00 (1265 turns).

cheesebisquit the Shield-Bearer (Troll Fighter)     Turns: 1265, Time: 00:03:00

Health: -3/29      AC:  4    Str: 23    XL:     2   Next: 82%
Magic:  1/1        EV:  8    Int:  4    God:
Gold:   70         SH:  7    Dex:  9    Spells: 1/1 levels left

rFire   + .          .
                       - Unarmed
rCold   . . .        b - +0 kite shield
rNeg    . . .        a - +0 robe
rPois   .            (helmet restricted)
rElec   .            (no cloak)
rCorr   .            (gloves unavailable)
SInv    .            (boots unavailable)
Will    .....        (no amulet)
Stlth   +            j - ring of protection from fire
HPRegen 1.04/turn    (no ring)
MPRegen 0.07/turn

%: no passive effects
@: no status effects
A: large, unfitting armour, claws 3, regeneration 1, shaggy fur 1, tough skin 1
a: no special abilities


You were on level 2 of the Dungeon.
You visited 1 branch of the dungeon, and saw 2 of its levels.

You collected 70 gold pieces.

Inventory:

Missiles
 k - 6 javelins (quivered)
Armour
 a - a +0 robe (worn)
 b - a +0 kite shield (worn)
Jewellery
 j - a ring of protection from fire (left claw)
Scrolls
 e - a scroll of blinking {unknown}
 f - a scroll of immolation {unknown}
 g - 3 scrolls of identify {unknown}
Potions
 c - 2 potions of might
 d - 2 potions of brilliance {unknown}
 h - 3 potions of degeneration {unknown}
 i - a potion of heal wounds {unknown}
 l - a potion of mutation {unknown}
 m - a potion of haste {unknown}
 n - a potion of lignification {unknown}


   Skills:
 + Level 2.5 Fighting
 + Level 0.2 Throwing
 + Level 0.4 Armour
 + Level 2.6 Dodging
 + Level 0.2 Stealth
 + Level 2.9 Shields
 + Level 2.2 Unarmed Combat


You had one spell level left.
You didn't know any spells.
Your spell library was empty.

Dungeon Overview and Level Annotations

Branches:
Dungeon (2/15)

Altars:

Shops:
D:2 [


Innate Abilities, Weirdness & Mutations

You are too large for most types of armour.
You have claws for hands.
Your natural rate of healing is unusually fast.
You are covered in fur. (AC +1)
You have tough skin. (AC +1)


Message History

You block the hobgoblin's attack.
You scratch the hobgoblin but do no damage.
The hobgoblin closely misses you.
You barely miss the hobgoblin. You block the hobgoblin's attack.
A gnoll comes into view. It is wielding a +0 halberd.
The hobgoblin hits you but does no damage.
The gnoll shouts!
You claw the hobgoblin!
You kill the hobgoblin!
You hear a shout!
The hobgoblin hits you.
You barely miss the hobgoblin.
The hobgoblin hits you but does no damage.
A gnoll comes into view. It is wielding a +0 halberd.
You scratch the hobgoblin.
The hobgoblin is lightly wounded.
The hobgoblin barely misses you. The hobgoblin misses you.
You scratch the hobgoblin but do no damage.
The hobgoblin is lightly wounded.
You block the kobold's attack. You block the hobgoblin's attack.
You claw the hobgoblin!
You kill the hobgoblin!
You block the kobold's attack. The gnoll barely misses you.
You claw the kobold!
You kill the kobold!
The gnoll closely misses you.
A gnoll comes into view. It is wielding a +0 spear.
The gnoll hits you from afar with a +0 halberd.
The gnoll shouts!
You scratch the gnoll.
The gnoll is moderately wounded.
You block the gnoll's attack. The gnoll completely misses you.
You scratch the gnoll.
The gnoll is heavily wounded.
The gnoll hits you with a +0 halberd!
The gnoll hits you from afar with a +0 halberd.
The gnoll hits you with a +0 halberd.
* * * LOW HITPOINT WARNING * * *
The gnoll hits you from afar with a +0 halberd!
You die...

#.# .. ..# ##+## #.
#.# ##...## # ##.
#g###.....##
#.#..##.##.......##
#..?..#g#.........#
#.....).g.........+
#....!#.#.........#
#.....@.##.......##
#####.#####.....##
#.######...##
#.#......†.#
##.#.#####..#
....#####..#
.......†#).# ...
###....##
#.#.......#


You could see 3 gnolls.

Vanquished Creatures
  3 bats
  3 endoplasms
  2 giant cockroaches (D:1)
  A goblin (D:2)
  2 hobgoblins (D:2)
  3 kobolds
  A quokka (D:1)
  4 ball pythons
  4 rats
23 creatures vanquished.

Notes
Turn   | Place    | Note
-------+----------+-------------------------------------------
     0 | D:1      | cheesebisquit the Troll Fighter began the quest for the
                  | Orb.
     0 | D:1      | Reached XP level 1. HP: 22/22 MP: 0/0
     3 | D:1      | Noticed an electric eel
     4 | D:1      | Noticed an electric eel
   673 | D:1      | Reached XP level 2. HP: 27/29 MP: 1/1
  1093 | D:2      | Found Cavejy's Antique Armour Shop.
  1265 | D:2      | Slain by a gnoll

Illustrated notes

Levels and vault maps discovered:
D:1:      arrival_aquarium_b, layout_loops_corners, roderic_lattice_a
D:2:      layout_loops_corners, serial_shops, shop

Action                     || total
---------------------------++-------
  Melee: Unarmed           ||    70
   Stab: Sleeping          ||     1
 Armour: Robe              ||    30
  Dodge: Dodged            ||    28
  Block: Kite shield       ||    27
